 Dungeon Crawl Stone Soup version 0.29.1-2-gbd0b4ee654 (webtiles) character file.

Game seed: 16613808213445008088

376 croobank the Covered (level 7, -3/60 HPs)
             Began as a Meteoran Fighter on Nov 2, 2022.
             Slain by an orc
             ... wielding a +0 flail
              (6 damage)
             ... on level 6 of the Dungeon on Nov 3, 2022.
             The game lasted 00:06:55 (758 turns).

croobank the Covered (Meteoran Fighter)              Turns: 758, Time: 00:06:56

Health: -3/60      AC:  7    Str: 20    XL:     7   Next: 24%
Magic:  8/8        EV: 10    Int: 15    God:
Gold:   72         SH:  0    Dex: 14    Spells: 6/6 levels left

rFire   . . .      SeeInvis .   a - +0 war axe (spect)
rCold   . . .      Faith    .   c - +0 buckler
rNeg    . . .      Spirit   .   b - +0 scale mail
rPois   .          Reflect  .   (no helmet)
rElec   .          Harm     .   (no cloak)
rCorr   .          Rampage  .   (no gloves)
Will    .....                   (no boots)
Stlth   ..........              (no amulet)
HPRegen 0.20/turn               g - +6 ring of intelligence
MPRegen 0.11/turn               (no ring)

@: confused, lethally poisoned (-3 -> -23), ambrosia-drunk, glowing
A: sense surroundings 1, otherworldly, glowing, explore regen
a: no special abilities


You were on level 6 of the Dungeon.
You visited 1 branch of the dungeon, and saw 6 of its levels.

You collected 72 gold pieces.

Inventory:

Hand Weapons
 a - a +0 spectral war axe (weapon)
 l - a +1 falchion of electrocution
 m - a +2 dagger of venom
Armour
 b - a +0 scale mail (worn)
 c - a +0 buckler (worn)
Jewellery
 g - a +6 ring of intelligence (left hand)
Scrolls
 h - a scroll of brand weapon
 i - a scroll of immolation {unknown}
 k - a scroll of identify
Potions
 d - a potion of might
 f - a potion of haste {unknown}
 j - a potion of mutation {unknown}


   Skills:
 + Level 4.7 Fighting
 + Level 4.4 Axes
 + Level 5.2 Armour
 + Level 2.5 Dodging
 + Level 5.2 Shields


You had 6 spell levels left.
You didn't know any spells.
Your spell library was empty.

Dungeon Overview and Level Annotations

Branches:
Dungeon (6/15) Zot: 2810
 Temple: D:4-7

Altars:
Ashenzari


Innate Abilities, Weirdness & Mutations

You passively map a small area around you.
You are easily found by Zot.
You glow in the dark.
You regain HP and MP as you explore.


Message History

The puff of flame hits you!
Things that are here:
a +2 dagger of protection; a +0 robe You hit the orc wizard.
The orc wizard is lightly wounded.
You closely miss the orc. The orc barely misses you.
The orc wizard hits you with a +4 dagger of venom.
You are poisoned.
You slash the orc wizard!
The orc wizard is severely wounded.
You hit the orc but do no damage.
You feel sick. The orc hits you with a +0 flail.
The orc wizard gestures wildly while chanting.
The orc wizard flickers and vanishes!
Deactivating autopickup; reactivate with Ctrl-A.
You barely miss something. You barely miss the orc.
You feel sick. You block the orc's attack. Something hits you.
The orc hits you with a +0 flail.
* * * LOW HITPOINT WARNING * * *
Something hits you but does no damage.
You are more poisoned.
You closely miss something. You closely miss the orc.
* * * LOW HITPOINT WARNING * * *
You feel very sick. You block the orc's attack.
Something hits you but does no damage.
You are lethally poisoned!
You barely miss something. You hit the orc.
* * * LOW HITPOINT WARNING * * *
You feel very sick. The orc hits you with a +0 flail.
* * * LOW HITPOINT WARNING * * *
Something hits you.
* * * LOW HITPOINT WARNING * * *
You are more poisoned.
You are confused.
You feel invigorated.
* * * LOW HITPOINT WARNING * * *
You feel very sick. The orc hits you with a +0 flail.
You die...

, # #.# #.
#.# #.,...
.<#.#,# *
.#.#.# * *
,,.o#.#,
,,#{oo#,**
** , #@# ,
#.#######
*
,#........
*
#<.......
* ,
#########
* ,,, ,**
, , , , ,
*


You could see 3 orcs.

Vanquished Creatures
  2 ogres (D:5)
  A hound (D:5)
  An orc priest (D:4)
  2 jellies
  An iguana (D:5)
  An adder (D:2)
  2 worms
  3 orcs (D:4)
  4 bats
  2 endoplasms
  2 giant cockroaches
  4 goblins
  A hobgoblin (D:3)
  6 jackals
  A kobold (D:1)
  2 quokkas (D:1)
  A ball python (D:1)
  2 frilled lizards
  A rat (D:1)
39 creatures vanquished.

Vanquished Creatures (others)
  An orc wizard (D:6)
1 creature vanquished.

Grand Total: 40 creatures vanquished

Notes
Turn   | Place    | Note
-------+----------+-------------------------------------------
     0 | D:1      | croobank the Meteoran Fighter began the quest for the Orb.
     0 | D:1      | Reached XP level 1. HP: 19/19 MP: 2/2
    79 | D:1      | Reached XP level 2. HP: 19/26 MP: 3/3
   193 | D:2      | Reached XP level 3. HP: 28/31 MP: 4/4
   560 | D:3      | Reached XP level 4. HP: 40/40 MP: 5/5
   643 | D:4      | Reached XP level 5. HP: 42/46 MP: 6/6
   674 | D:5      | Entered Level 5 of the Dungeon
   686 | D:5      | Reached skill level 1 in Dodging
   687 | D:5      | Reached XP level 6. HP: 49/52 MP: 7/7
   687 | D:5      | Noticed an ogre
   692 | D:5      | Killed an ogre
   693 | D:5      | Reached skill level 5 in Armour
   693 | D:5      | Reached skill level 5 in Shields
   697 | D:5      | Found a broken altar of Ashenzari.
   724 | D:5      | Noticed an ogre
   730 | D:5      | Killed an ogre
   731 | D:5      | Reached XP level 7. HP: 12/60 MP: 8/8
   758 | D:6      | HP: 3/60 [poisoned by an orc wizard]
   758 | D:6      | Slain by an orc

Illustrated notes

Levels and vault maps discovered:
D:1:      dpeg_arrival_water_temple_mockup, layout_rooms
D:2:      layout_basic, minmay_fountain_box
D:3:      layout_loops_ring, elyvilon_altar_4, lemuel_coloured_pillars_altar,
          shapermc_ecumenical_altar_totnotflames, nrook_campfire
D:4:      layout_cave_pools, temple_fountains, chequers_serial_rivers_micro_c
D:5:      layout_basic, nicolae_ashenzari_panopticon, serial_shops,
          nicolae_lakefront_shop
D:6:      layout_basic

Skill      XL: |  1  2  3  4  5  6 |
---------------+-------------------+-----
Axes           | 3 4 |  4.4
Armour         | 4 5 |  5.2
Shields        | 4 5 |  5.2
Fighting       | 4 |  4.7
Dodging        | 1 2 |  2.5

Action                   |  1- 3 |  4- 6 |  7- 9 || total
-------------------------+-------+-------+-------++-------
Melee: War axe           |    56 |    21 |     9 ||    86
  Use: Scroll            |     3 |       |       ||     3
       Potion            |       |       |     1 ||     1
Armor: Scale mail        |    47 |    11 |     4 ||    62
Dodge: Dodged            |    34 |     3 |     3 ||    40
Block: Buckler           |    18 |     3 |     3 ||    24
